 Dungeon Crawl Stone Soup version 0.29.1-2-gbd0b4ee654 (webtiles) character file.

Game seed: 6060307085227924255

142 kingsuperguy the Slasher (level 5, 0/48 HPs)
             Began as a Minotaur Berserker on Nov 16, 2022.
             Was a Believer of Trog.
             Killed from afar by an orc wizard (12 damage)
             ... with a magic dart
             ... on level 2 of the Dungeon.
             The game lasted 00:03:20 (2219 turns).

kingsuperguy the Slasher (Minotaur Berserker)       Turns: 2219, Time: 00:03:21

Health: 0/48       AC:  2    Str: 23    XL:     5   Next: 4%
Magic:  4/4        EV: 10    Int:  4    God:    Trog [**....]
Gold:   32         SH:  8    Dex: 10    Spells: 4/4 levels left

rFire   . . .      SeeInvis .   p - +3 dagger (holy)
rCold   . . .      Faith    .   n - +2 kite shield
rNeg    . . .      Spirit   .   b - +0 animal skin
rPois   .          Reflect  .   (helmet restricted)
rElec   .          Harm     .   (no cloak)
rCorr   .          Rampage  .   (no gloves)
Will    ++...                   (no boots)
Stlth   +.........              (no amulet)
HPRegen 1.16/turn               (no ring)
MPRegen 0.09/turn               (no ring)

@: strong-willed, on berserk cooldown, regenerating
A: horns 2, retaliatory headbutt
a: Renounce Religion, Berserk, Trog's Hand


You were on level 2 of the Dungeon.
You worshipped Trog.
Trog was pleased with you.
You visited 1 branch of the dungeon, and saw 3 of its levels.

You collected 68 gold pieces.
You spent 36 gold pieces at shops.

Inventory:

Hand Weapons
 a - a +0 falchion
 p - a +3 dagger of holy wrath (weapon)
Missiles
 k - 27 stones (quivered)
Armour
 b - a +0 animal skin (worn)
 n - a +2 kite shield (worn)
Scrolls
 c - 5 scrolls of identify {unknown}
 d - a scroll of vulnerability {unknown}
 e - a scroll of noise {unknown}
 f - a scroll of fear {unknown}
 h - 2 scrolls of blinking {unknown}
 j - a scroll of teleportation {unknown}
 l - a scroll of silence {unknown}
 m - 3 scrolls of brand weapon {unknown}
 o - a scroll of butterflies {unknown}
 t - a scroll of enchant weapon {unknown}
 u - a scroll of amnesia {unknown}
Potions
 g - 2 potions of haste {unknown}
 i - a potion of brilliance {unknown}
 q - 2 potions of lignification {unknown}
 s - a potion of heal wounds {unknown}


   Skills:
 + Level 5.0 Fighting
 + Level 5.1 Long Blades
 + Level 2.8 Armour
 + Level 3.3 Dodging
 + Level 0.2 Shields


You had 4 spell levels left.
You didn't know any spells.
Your spell library was empty.

Dungeon Overview and Level Annotations

Branches:
Dungeon (3/15)

Altars:

Shops:
D:2 *


Innate Abilities, Weirdness & Mutations

You have a pair of horns on your head.
You reflexively headbutt those who attack you in melee.


Message History

Reactivating autopickup.
You miss the orc wizard. The orc wizard barely misses you.
You block the orc wizard's attack.
You hit the orc wizard but do no damage.
You headbutt the orc wizard.
The orc wizard is moderately wounded.
The orc wizard hits you with a +0 dagger.
You closely miss the orc wizard. You headbutt the orc wizard!
The orc wizard is severely wounded.
The orc wizard hits you but does no damage.
The orc wizard closely misses you.
You hit the orc wizard.
The orc wizard is almost dead.
The orc wizard points at you and mumbles some strange words.
The magic dart hits you.
* * * LOW HITPOINT WARNING * * *
The orc wizard casts a spell at you. You resist with some effort.
You hit the orc wizard but do no damage.
The orc wizard is almost dead.
The orc wizard hits you with a +0 dagger.
* * * LOW HITPOINT WARNING * * *
Okay, then.
You hit the orc wizard but do no damage.
Your headbutt misses the orc wizard.
The orc wizard is almost dead.
You feel yourself speed up.
The orc wizard gestures at you while chanting.
The puff of flame misses you.
The orc wizard hits you with a +0 dagger.
* * * LOW HITPOINT WARNING * * *
Your skin crawls.
You feel strong-willed.
The orc wizard points at you and mumbles some strange words.
The magic dart hits you.
* * * LOW HITPOINT WARNING * * *
You feel better. The orc wizard casts a spell at you. The magic dart hits you!
You die...

#....# #≈≈∩≈≈..# #.###
##...# #≈≈≈≈≈..# #.#
#.### ##≈≈≈#### #.# #.#
##### #.# ###.#### #####
#.# #......######...##
#.# #.#.#.....##.....##
#.#
#.#.#.....#.......####.#
#.#.......#..o@........#
#.###>............######
#.###.....##.....##
#......######...##
######## #####


You could see an orc wizard.

Vanquished Creatures
  Terence (D:2)
  Jessica (D:2)
  2 adders (D:2)
  A worm (D:2)
  4 dart slugs
  An orc (D:3)
  5 ball pythons
  5 endoplasms
  2 goblins
  3 hobgoblins
  4 jackals (D:1)
  2 quokkas (D:1)
  3 bats
  2 frilled lizards (D:1)
  4 kobolds
  2 rats (D:2)
42 creatures vanquished.

Vanquished Creatures (others)
  An orc wizard (D:3)
  6 plants (D:3)
7 creatures vanquished.

Grand Total: 49 creatures vanquished

Notes
Turn   | Place    | Note
-------+----------+-------------------------------------------
     0 | D:1      | kingsuperguy the Minotaur Berserker began the quest for the
                  | Orb.
     0 | D:1      | Reached XP level 1. HP: 19/19 MP: 0/0
   263 | D:1      | Reached XP level 2. HP: 27/27 MP: 1/1
   888 | D:1      | Reached XP level 3. HP: 27/33 MP: 2/2
  1119 | D:2      | Noticed Jessica
  1137 | D:2      | Killed Jessica
  1340 | D:2      | Reached XP level 4. HP: 41/41 MP: 3/3
  1390 | D:2      | Noticed Terence
  1398 | D:2      | Killed Terence
  1806 | D:2      | Reached ** piety under Trog
  1883 | D:2      | Reached skill level 5 in Long Blades
  2058 | D:2      | Found Juleze's General Store.
  2068 | D:2      | Bought a potion of curing for 36 gold pieces
  2194 | D:3      | Reached skill level 5 in Fighting
  2194 | D:3      | Reached XP level 5. HP: 39/48 MP: 4/4
  2219 | D:2      | Killed from afar by an orc wizard

Illustrated notes

Levels and vault maps discovered:
D:1:      lemuel_arrival_muddy, layout_loops_ring, nrook_loot_triangle,
          nicolae_wormholes
D:2:      layout_loops_cross, serial_shops, nicolae_shop_waterfront,
          minivault_27, chequers_avenue, uniq_terence, uniq_jessica
D:3:      layout_loops_cross, hellmonk_ecumenical_altar_dog_temple,
          chequers_serial_rivers_large_b, serial_park_tiny_2,
          lexackson_kobold_supper

Skill      XL: |  1  2  3  4 |
---------------+-------------+-----
Long Blades    | 4 5 |  5.1
Fighting       | 4 5 |  5.0
Dodging        | 3 |  3.3
Armour         | |  2.8
Shields        | |  0.2

Action                   |  1- 3 |  4- 6 || total
-------------------------+-------+-------++-------
Melee: Falchion          |    63 |    11 ||    74
       Headbutt          |    12 |     5 ||    17
       Dagger            |       |    33 ||    33
Invok: Berserk           |     1 |     2 ||     3
       Trog's Hand       |       |     2 ||     2
  Use: Potion            |       |     2 ||     2
Armor: Animal skin       |    10 |     7 ||    17
Dodge: Dodged            |    47 |    22 ||    69
Block: Kite shield       |     4 |    11 ||    15
